 Dungeon Crawl Stone Soup version 0.21.1-1-g345015fe64 (webtiles) character file.

92497 BrokenGlass the Unseen (level 16, -2/86 HPs)
             Began as an Octopode Earth Elementalist on Mar 7, 2018.
             Killed from afar by Frances (53 damage)
             ... with an iron shot
             ... on level 14 of the Dungeon.
             The game lasted 01:15:01 (29564 turns).

BrokenGlass the Unseen (OpEE)                      Turns: 29564, Time: 01:15:02

Health: -2/86      AC: 10    Str: 10    XL:     16   Next: 6%
Magic:  10/52      EV: 15    Int: 22    God:
Gold:   1710       SH:  8    Dex: 12    Spells: 32/43 levels left

rFire    . . .     SeeInvis +   C - staff of earth
rCold    + . .     Gourm    .   X - +3 buckler {AC+3}
rNeg     . . .     Faith    .   i - +2 hat
rPois    .         Spirit   .   (no amulet)
rElec    +         Reflect  .   A - ring of see invisible
rCorr    .         Harm     .   B - +4 ring of protection
MR       +....                  K - ring of magical power
Stlth    ++++++++..             V - ring of protection from cold
HPRegen  0.24/turn              E - ring of magical power
MPRegen  0.33/turn              (no ring)
                                (no ring)
                                (no ring)

@: no status effects
A: almost no armour, stealthy swim, amphibious, 8 rings, constrict 8, repulsion
field 1, camouflage 1, electricity resistance, gelatinous body 1
a: no special abilities


You were on level 14 of the Dungeon.
You were very hungry.

You visited 4 branches of the dungeon, and saw 24 of its levels.
You also visited: Volcano.

You collected 2310 gold pieces.
You spent 600 gold pieces at shops.

Inventory:

Missiles
 b - 326 stones (quivered)
 q - 2 throwing nets
Armour
 i - a +2 hat (worn)
 X - a +3 buckler of protection (worn)
Magical Staves
 C - an uncursed staff of earth (weapon)
Jewellery
 d - an uncursed ring of ice
 A - a ring of see invisible (left tentacle)
 B - a +4 ring of protection (right tentacle)
 E - a ring of magical power (on tentacle)
 K - a ring of magical power (on tentacle)
 M - an uncursed ring of ice
 P - a +2 ring of protection
 V - a ring of protection from cold (on tentacle)
 W - an uncursed ring of ice
Wands
 D - a wand of paralysis (23)
 G - a wand of enslavement (9)
Scrolls
 e - 2 scrolls of silence
 h - 8 scrolls of remove curse
 k - 2 scrolls of enchant armour
 m - 7 scrolls of magic mapping
 n - 2 scrolls of amnesia
 o - 5 scrolls of enchant weapon
 s - 3 scrolls of identify
 t - 5 scrolls of immolation
 u - 7 scrolls of fog
 x - a scroll of torment
 y - a scroll of noise
 H - 8 scrolls of teleportation
 N - a scroll of holy word
 R - 2 scrolls of fear
 Y - a scroll of vulnerability
Potions
 a - 6 potions of berserk rage
 f - 8 potions of curing
 g - 3 potions of lignification
 j - 5 potions of might
 l - 2 potions of heal wounds
 p - 4 potions of haste
 r - 4 potions of ambrosia
 w - 5 potions of mutation
 z - a potion of resistance
 F - 4 potions of invisibility
 I - 7 potions of agility
 L - 2 potions of flight
 O - 4 potions of brilliance
 Z - a potion of magic {unknown}
Books
 v - a book of Callings

   Spells                             Type                      Level
   a - Summon Small Mammal            Summoning                    1
   b - Call Imp                       Summoning                    2
   c - Call Canine Familiar           Summoning                    3
   d - Summon Guardian Golem          Hexes/Summoning              3
   e - Summon Lightning Spire         Summoning/Air                4
   f - Summon Ice Beast               Ice/Summoning                4
Miscellaneous
 J - a lamp of fire
 Q - a fan of gales
 S - 2 phantom mirrors
 U - a lightning rod (4/4)
Comestibles
 c - 30 rations


   Skills:
 - Level 2.0 Dodging
 + Level 19.9 Stealth
 - Level 4.0 Shields
 - Level 14.4 Spellcasting
 - Level 1.0 Transmutations
 - Level 18.8 Earth Magic


You had 32 spell levels left.
You knew the following spells:

 Your Spells              Type           Power        Failure   Level  Hunger
a - Sandblast             Erth           ######       0%          1    None
b - Passwall              Tmut/Erth      ######....   1%          2    None
c - Stone Arrow           Conj/Erth      ######       1%          3    None
d - Lee's Rapid Deconstr  Erth           #######...   1%          5    ###....


Dungeon Overview and Level Annotations

Branches:
Dungeon (15/15)            Temple (1/1) D:5            Lair (6/6) D:8
 Shoals (0/4) Lair:4        Snake (0/4) Lair:2        Slime (0/5) Lair:5
    Orc (2/2) D:9             Elf (0/3) Orc:2        Vaults (0/5) D:14
 Depths: D:15

Altars:
Ashenzari
Elyvilon
Kikubaaqudgha
Qazlal
Trog
Zin
Beogh

Shops:
D:5 *   Orc:2 ([%=

Annotations:
D:4 Gargoyl's ghost, novice CeAK
D:14 Frances


Innate Abilities, Weirdness & Mutations

You cannot wear most types of armour.
You are very stealthy in the water. (Stealth+)
You are amphibious.
You can wear up to eight rings at the same time.
You can use your tentacles to constrict eight enemies at once.
Your skin changes colour to match your surroundings (Stealth+).
Your rubbery body absorbs attacks. (AC +1, EV +1)
You are surrounded by a mild repulsion field. (EV +2)
You are resistant to electric shocks. (rElec)


Message History

You feel a surge of power!
The wall shatters!
The blast of rock fragments hits the orange demon.
You kill the orange demon!
The blast of rock fragments hits Frances.
Frances is almost dead.
Frances hits you with a short sword of protection!!
Unknown command.
Unknown command.
Casting: Lee's Rapid Deconstruction
Confirm with . or Enter, or press ? or * to list all spells.
Aiming: Lee's Rapid Deconstruction
Press: ? - help, Dir - move target cursor You feel a surge of power!
The wall shatters!
The blast of rock fragments hits Frances.
Frances is almost dead.
Frances hits you with a short sword of protection!
Frances whispers indecipherable words.
The iron shot hits you!
Ouch! That really hurt!
You die...

############ #.#
...........# ..#
.......###.# ..#
######.## #.#
##...## #5# #.###.#
#.# #.# #.# #@#
#.###.# #@# #
#....## #.### #
#.#### #...# ## #.#
###.# .###.#####.#
#.# ...........# #.#
.....####### ###.#
.###.###########...#
.###...............#


You could see Frances and a crimson imp.

Vanquished Creatures
  Gastronok (D:8)
  An orc warlord (Orc:2)
  An ettin (D:13)
  8 vault guards (D:14)
  Harold (Lair:1)
  13 hydras
  The ghost of matti1234 the Protected, a journeyman FoAM of Gozag (D:9)
  2 centaur warriors (D:13)
  2 two-headed ogres
  7 death yaks
  A tengu warrior (D:13)
  3 ogre magi
  A vampire mage (D:14)
  A hell knight (Volcano)
  Sonja (D:10)
  3 skeletal warriors (D:11)
  4 wizards (D:14)
  A flayed ghost (D:10)
  4 orc knights
  An orc sorcerer (Orc:2)
  4 oklob plants (Lair:1)
  4 cyclopes
  8 ugly things
  A deep elf mage (D:13)
  A manticore (D:12)
  A moth of wrath (shapeshifter) (D:13)
  5 elephants
  3 centaur zombies
  4 black mambas
  A smoke demon (Volcano)
  14 spiny frogs
  12 komodo dragons
  A kobold demonologist (D:13)
  2 red devils (Volcano)
  A meliai (D:13)
  7 polar bears
  7 trolls
  2 hornets (Lair:6)
  A snapping turtle (Lair:4)
  11 blink frogs
  24 dream sheep (Lair:6)
  8 hippogriffs
  13 spriggans
  4 shadows
  2 wraiths (D:12)
  28 yaks
  2 vampires (D:13)
  Grum (D:11)
  A hungry ghost (D:14)
  3 basilisks
  A steam dragon (D:11)
  A vampire mosquito (D:13)
  4 wargs
  A soldier ant (D:11)
  25 water moccasins
  5 acid dragons
  7 porcupines
  A hell hound (Volcano)
  34 orc warriors
  4 black bears
  5 boggarts (Lair:6)
  3 ice beasts
  An eye of draining (D:14)
  A necrophage (D:6)
  A phantom (D:14)
  21 wolves
  7 ogres
  5 centaurs
  5 big kobolds
  18 crocodiles
  16 bullfrogs
  3 scorpions
  6 killer bees (D:8)
  2 electric eels
  5 crimson imps
  A bullfrog zombie (D:3)
  3 jellies
  15 orc priests
  3 centaur skeletons
  4 hounds
  24 orc wizards
  A bullfrog skeleton (D:9)
  3 iguanas
  9 worker ants
  A hound zombie (D:11)
  2 hound skeletons
  3 worker ant zombies
  17 adders
  3 gnolls (D:7)
  An ooze (D:3)
  2 adder skeletons
  A worm (D:2)
  3 dart slugs
  2 leopard geckos
  86 orcs
  A giant cockroach (D:5)
  10 goblins
  9 hobgoblins
  10 jackals
  24 kobolds
  3 quokkas
  2 ball pythons
  A ball python skeleton (D:5)
  8 bats
  5 frilled lizards
  A jackal skeleton (D:8)
  A jackal zombie (D:6)
  A leopard gecko zombie (D:7)
  A quokka zombie (D:5)
  14 rats
  9 fungi
  4 plants
703 creatures vanquished.

Vanquished Creatures (collateral kills)
  A yak (Lair:5)
1 creature vanquished.

Vanquished Creatures (others)
  A bush (Lair:6)
  29 fungi
  12 plants
42 creatures vanquished.

Grand Total: 746 creatures vanquished

Notes
Turn   | Place    | Note
-------+----------+-------------------------------------------
     0 | D:1      | BrokenGlass the Octopode Earth Elementalist began the quest for the Orb.
     0 | D:1      | Reached XP level 1. HP: 11/11 MP: 3/3
    63 | D:1      | Reached XP level 2. HP: 6/17 MP: 0/5
   775 | D:1      | Reached XP level 3. HP: 21/21 MP: 6/6
  1107 | D:2      | Learned a level 2 spell: Passwall
  1111 | D:2      | Learned a level 3 spell: Stone Arrow
  1158 | D:2      | Reached XP level 4. HP: 16/27 MP: 5/8
  1223 | D:2      | Found a glowing silver altar of Zin.
  2157 | D:3      | Reached XP level 5. HP: 21/31 MP: 3/10
  2732 | D:3      | Found a stormy altar of Qazlal.
  3068 | D:3      | Reached skill level 5 in Earth Magic
  3068 | D:3      | Reached XP level 6. HP: 7/36 MP: 12/12
  3925 | D:4      | Noticed Gargoyl's ghost (novice CeAK)
  4324 | D:4      | Found a bloodstained altar of Trog.
  4431 | D:4      | Found an ancient bone altar of Kikubaaqudgha.
  4601 | D:4      | Reached skill level 5 in Spellcasting
  4601 | D:4      | Reached XP level 7. HP: 41/41 MP: 8/14
  4810 | D:5      | Entered Level 5 of the Dungeon
  4864 | D:5      | Found Xaecat Jixo's General Store.
  5214 | D:5      | Gained mutation: You are resistant to electric shocks. (rElec) [potion of mutation]
  5214 | D:5      | Gained mutation: You are surrounded by a mild repulsion field. (EV +2) [potion of mutation]
  5220 | D:5      | Found a staircase to the Ecumenical Temple.
  5288 | Temple   | Entered the Ecumenical Temple
  5426 | D:5      | Found a stormy altar of Qazlal.
  5680 | D:6      | Reached XP level 8. HP: 36/46 MP: 11/17
  5866 | D:6      | Learned a level 5 spell: Lee's Rapid Deconstruction
  7156 | D:7      | Found a shattered altar of Ashenzari.
  7823 | D:5      | Bought an uncursed ring of magical power for 300 gold pieces
  7878 | D:8      | Reached XP level 9. HP: 51/51 MP: 20/20
  7957 | D:8      | Found a staircase to the Lair.
  8064 | D:8      | Noticed Gastronok
  8730 | D:9      | Noticed matti1234's ghost (journeyman FoAM)
  9037 | D:8      | Killed Gastronok
  9037 | D:8      | Reached skill level 10 in Earth Magic
  9037 | D:8      | Reached XP level 10. HP: 28/56 MP: 4/23
  9573 | D:9      | Killed matti1234's ghost
  9573 | D:9      | Reached skill level 10 in Spellcasting
  9746 | D:9      | Found a white marble altar of Elyvilon.
  9942 | D:9      | Found a staircase to the Orcish Mines.
 10144 | D:10     | Entered Level 10 of the Dungeon
 10863 | D:10     | Noticed a flayed ghost
 10870 | D:10     | Killed a flayed ghost
 11028 | D:10     | Noticed Sonja
 11030 | D:10     | Killed Sonja
 11340 | D:11     | Reached XP level 11. HP: 59/61 MP: 25/25
 11347 | D:11     | Noticed a two-headed ogre
 11360 | D:11     | Killed a two-headed ogre
 11583 | D:11     | Noticed a skeletal warrior
 11585 | D:11     | Noticed a skeletal warrior
 11587 | D:11     | Killed a skeletal warrior
 11591 | D:11     | Noticed a skeletal warrior
 11591 | D:11     | Killed a skeletal warrior
 12036 | D:11     | Noticed Grum
 12038 | D:11     | Killed Grum
 12508 | D:11     | Killed a skeletal warrior
 12641 | Lair:1   | Entered Level 1 of the Lair of Beasts
 12711 | Lair:1   | Reached XP level 12. HP: 46/66 MP: 16/28
 13026 | Lair:1   | Noticed Harold
 13038 | Lair:1   | Killed Harold
 13385 | Lair:1   | Noticed a five-headed hydra
 13387 | Lair:1   | Killed a five-headed hydra
 15041 | Lair:2   | Found a staircase to the Snake Pit.
 15465 | Lair:3   | Noticed a four-headed hydra
 15480 | Lair:3   | Killed a four-headed hydra
 15480 | Lair:3   | Reached XP level 13. HP: 71/71 MP: 22/30
 15504 | Lair:3   | Got a slimy scimitar
 15505 | Lair:3   | Identified the +8 scimitar of True Grit {slice, +Blink rC- MR- Str+8} (You found it on level 3 of the Lair of Beasts)
 16034 | Lair:3   | Reached skill level 15 in Earth Magic
 16308 | Lair:4   | Found a dark tunnel.
 16615 | Volcano  | Entered a volcano
 17499 | Lair:4   | Found a staircase to the Shoals.
 19462 | Lair:5   | Found a staircase to the Slime Pits.
 19876 | Lair:5   | Reached XP level 14. HP: 76/76 MP: 8/32
 20017 | Lair:6   | Entered Level 6 of the Lair of Beasts
 22654 | Lair:6   | Reached skill level 1 in Shields
 23327 | Orc:1    | Entered Level 1 of the Orcish Mines
 23511 | Orc:2    | Entered Level 2 of the Orcish Mines
 23649 | Orc:2    | Found a staircase to the Elven Halls.
 23995 | Orc:2    | Found a roughly hewn altar of Beogh.
 24066 | Orc:2    | Reached XP level 15. HP: 81/81 MP: 33/33
 24092 | Orc:1    | Reached skill level 3 in Stealth
 24098 | Orc:1    | Reached skill level 4 in Stealth
 24101 | Orc:1    | Reached skill level 5 in Stealth
 24119 | Orc:2    | Reached skill level 6 in Stealth
 24704 | Orc:2    | Reached skill level 7 in Stealth
 24708 | Orc:2    | Noticed an orc warlord
 24718 | Orc:2    | Killed an orc warlord
 24718 | Orc:2    | Reached skill level 8 in Stealth
 24730 | Orc:2    | Reached skill level 9 in Stealth
 25099 | Orc:2    | Found Reutwov's Antique Weapon Shoppe.
 25100 | Orc:2    | Found a roughly hewn altar of Beogh.
 25151 | Orc:2    | Found Esaas's Antique Armour Emporium.
 25201 | Orc:2    | Found a roughly hewn altar of Beogh.
 25224 | Orc:2    | Reached skill level 10 in Stealth
 25455 | Orc:2    | Found a roughly hewn altar of Beogh.
 25457 | Orc:2    | Found Begebruf's Jewellery Emporium.
 25462 | Orc:2    | Bought an uncursed ring of magical power for 300 gold pieces
 25579 | Orc:2    | Found a roughly hewn altar of Beogh.
 25586 | Orc:2    | Reached skill level 11 in Stealth
 25593 | Orc:2    | Found Abus's Food Shoppe.
 25890 | Orc:2    | Found a roughly hewn altar of Beogh.
 26442 | D:12     | Reached skill level 12 in Stealth
 26927 | D:13     | Reached skill level 13 in Stealth
 27105 | D:13     | Reached skill level 14 in Stealth
 27406 | D:13     | Reached skill level 15 in Stealth
 28391 | D:14     | Reached skill level 16 in Stealth
 28513 | D:14     | Reached skill level 17 in Stealth
 28763 | D:14     | Found the +12 glaive of Prune {chop}
 28801 | D:14     | You fall through a shaft!
 28801 | D:15     | Entered Level 15 of the Dungeon
 28925 | D:14     | Found a gate to the Vaults.
 28932 | D:14     | Reached skill level 18 in Stealth
 28939 | D:14     | Reached skill level 19 in Stealth
 29227 | D:14     | Reached XP level 16. HP: 66/86 MP: 14/34
 29555 | D:14     | Noticed Frances
 29564 | D:14     | Killed from afar by Frances

Skill      XL: |  1  2  3  4  5  6  7  8  9 10 11 12 13 14 15 |
---------------+----------------------------------------------+-----
Spellcasting   | 3 4 5 6 7 9 10 12 13 14 | 14.4
Earth Magic    | 4 5 6 8 10 11 13 14 16 18 | 18.8
Shields        | 4 |  4.0
Stealth        | 19 | 19.9
Dodging        | |  2.0
Transmutations | |  1.0

Action                   |  1- 3 |  4- 6 |  7- 9 | 10-12 | 13-15 | 16-18 || total
-------------------------+-------+-------+-------+-------+-------+-------++-------
Melee: Unarmed           |   101 |     8 |       |       |       |       ||   109
       Tentacles         |    23 |    28 |    21 |    18 |     8 |       ||    98
       Constrict         |    21 |    49 |    26 |    25 |    14 |     2 ||   137
       Dagger            |       |   162 |    38 |       |       |       ||   200
       Staff             |       |       |    79 |   113 |    52 |     6 ||   250
 Cast: Sandblast         |    14 |    27 |    26 |    57 |   287 |     1 ||   412
       Stone Arrow       |       |     6 |    14 |    65 |   173 |       ||   258
       Passwall          |       |     1 |       |       |     2 |       ||     3
       Lee's Rapid Decon |       |       |    13 |    97 |   249 |    17 ||   376
Evoke: Wand              |       |     3 |     2 |       |     7 |       ||    12
       Lamp of fire      |       |       |     1 |       |       |       ||     1
       Lightning rod     |       |       |       |       |     4 |       ||     4
  Use: Scroll            |       |       |     8 |    13 |    14 |       ||    35
       Potion            |       |       |     1 |     3 |     2 |       ||     6
 Stab: Sleeping          |     3 |     7 |     7 |     4 |     4 |     1 ||    26
       Distracted        |       |       |     1 |     2 |     1 |       ||     4
  Eat: Chunk             |     1 |     9 |    12 |    21 |    49 |     1 ||    93
       Ration            |       |     1 |     1 |     4 |     5 |       ||    11
Armor: Skin              |    11 |    37 |    26 |    58 |    75 |     1 ||   208
Dodge: Dodged            |    56 |   147 |   118 |   149 |   177 |     4 ||   651
Block: Buckler           |       |       |       |       |    57 |     2 ||    59
